Map: Efflorescence LE

Players

qqq - Winner!

  • Race: Zerg Zerg
  • League: Platinum
  • Spawn Location: 3:00

Massa - Winner!

  • Race: Terran Terran
  • League: Platinum
  • Spawn Location: 12:00

doudou

  • Race: Terran Terran
  • League: Diamond
  • Spawn Location: 6:00

Yarnero

  • Race: Zerg Zerg
  • League: Diamond
  • Spawn Location: 9:00

VOD

Have the link to the VOD?

Description

Time

  • Played on: Dec. 7, 2020, 2:39 p.m.
  • Length: 8:27
Show
View Real Time Build Order
Export as new Build Order

qqq Zerg - Winner!

Build Orders: Hatch First 

Get SALT Encoding   

  12  0:02  Drone  
  13  0:09  Drone  
  14  0:20  Overlord  
  14  0:49  Hatchery  
  13  0:59  Drone  
  14  1:08  Spawning Pool  
  13  1:20  Drone  
  13  1:21  Drone x2  
  13  1:24  Extractor  
  14  1:56  Drone x3  
  17  2:02  Queen  
  17  2:05  Queen  
  21  2:10  Drone  
  21  2:15  Drone  
  23  2:32  Drone  
  23  2:33  Metabolic Boost  
  24  2:37  Drone  
  24  2:39  Drone x2  
  27  2:52  Overlord x2  
  27  2:59  Overlord  
  27  3:11  Zergling x4  
  29  3:13  Zergling x4  
  29  3:16  Zergling x2  
  32  3:23  Zergling x2  
  32  3:24  Zergling x2  
  32  3:25  Zergling x2  
  35  3:28  Zergling x4  
  37  3:35  Overlord  
  37  3:42  Zergling x2  
  37  3:46  Zergling x4, Overlord  
  37  3:47  Zergling x2  
  41  3:49  Zergling x2  
  42  3:56  Baneling Nest  
  42  3:59  Zergling x2  
  42  4:00  Zergling x2  
  43  4:04  Zergling x2  
  43  4:06  Zergling x2  
  45  4:14  Overlord  
  45  4:16  Drone  
  45  4:17  Zergling x2  
  40  4:51  Baneling x3  
  40  4:52  Baneling x3  
  40  4:53  Baneling  
  40  4:56  Zergling x14  
  40  4:59  Drone x2  
  49  5:00  Drone x3  
  47  5:24  Baneling x3  
  43  5:35  Zergling x4  
  43  5:36  Zergling x2  
  43  5:37  Zergling x6  
  45  6:08  Zergling x6  
  45  6:09  Zergling x4  
  48  6:11  Spore Crawler  
  48  6:13  Lair  
  48  6:15  Spore Crawler  
  44  6:18  Hatchery  
  44  6:20  Extractor  
  33  6:49  Queen, Spore Crawler  
  33  6:50  Drone x3  
  37  6:54  Extractor  
  37  6:57  Hatchery  
  37  6:58  Zergling x6  
  38  7:11  Drone  
  38  7:12  Extractor, Spire  
  38  7:13  Drone x2  
  39  7:17  Baneling  
  39  7:18  Baneling x5  
  39  7:19  Baneling x3  
  39  7:22  Baneling  
  39  7:24  Drone  
  39  7:25  Drone  
  41  7:33  Drone  
  34  8:08  Spore Crawler  
  34  8:10  Drone x2, Spore Crawler  
  34  8:11  Drone x4  
  38  8:13  Drone x5  
Show
View Real Time Build Order
Export as new Build Order

Massa Terran - Winner!

Build Orders:  

Get SALT Encoding   

  12  0:00  SCV  
  13  0:12  SCV  
  14  0:17  Supply Depot  
  14  0:24  SCV  
  15  0:39  SCV  
  16  0:42  Barracks  
  16  0:48  Supply Depot  
  16  0:52  SCV  
  17  1:01  Barracks  
  17  1:09  SCV  
  18  1:14  Refinery  
  18  1:21  SCV  
  19  1:26  Barracks  
  19  1:36  Bunker  
  19  1:37  Marine  
  20  1:49  Marine  
  20  1:52  Orbital Command  
  21  1:55  Marine  
  22  2:07  Marine  
  23  2:13  Barracks Tech Lab, Marine  
  24  2:25  Marine  
  25  2:31  Marine x2  
  27  2:43  Marine, Stimpack  
  28  2:48  Marine  
  28  2:49  Marine  
  30  3:01  Marine, Supply Depot  
  30  3:05  Supply Depot  
  31  3:06  Supply Depot  
  31  3:22  Marine x2  
  31  3:23  Marauder  
  35  3:37  Command Center  
  35  3:40  Marine  
  36  3:41  Marine  
  36  3:44  Marauder  
  39  3:58  Marine  
  39  3:59  Marine  
  41  4:06  Marauder  
  43  4:16  Marine  
  43  4:17  Marine  
  44  4:23  Concussive Shells  
  45  4:27  Marauder  
  47  4:34  Marine x2  
  43  4:48  Marauder  
  43  4:51  Marine  
  46  4:59  Marine  
  47  5:07  Factory  
  47  5:09  Refinery, Marine  
  47  5:10  Marauder  
  47  5:13  SCV  
  51  5:25  SCV  
  52  5:31  Marauder  
  39  5:45  Marine x2  
  41  5:53  Marauder  
  41  6:03  Marine x2  
  41  6:06  Factory Tech Lab  
  41  6:11  Engineering Bay  
  41  6:12  Engineering Bay  
  41  6:14  Marauder  
  43  6:21  Marine x2  
  45  6:35  Marauder  
  45  6:36  Cyclone  
  45  6:39  Marine x2  
  52  6:56  Marine  
  52  6:57  Marauder, Marine  
  37  7:09  Cyclone  
  37  7:12  Missile Turret  
  37  7:15  Missile Turret  
  40  7:17  Missile Turret  
  40  7:18  Orbital Command, Marauder  
  40  7:21  Missile Turret  
  42  7:26  Barracks Reactor  
  42  7:28  Marine  
  43  7:39  Marine  
  44  7:46  Starport, Marine  
  45  7:57  Refinery, SCV x2, Marine  
  48  8:09  SCV  
Show
View Real Time Build Order
Export as new Build Order

doudou Terran 

Build Orders: Command Center First (CC) 

Get SALT Encoding   

  12  0:00  SCV  
  13  0:12  SCV  
  14  0:19  Supply Depot  
  14  0:24  SCV  
  15  0:40  SCV  
  16  0:52  SCV  
  16  0:53  Command Center  
  17  1:04  SCV  
  17  1:09  Refinery x2  
  17  1:10  Barracks  
  17  1:11  Barracks x2  
  18  1:17  SCV  
  19  1:24  Refinery  
  19  1:26  Refinery  
  19  1:29  SCV  
  20  1:41  SCV  
  21  1:53  SCV  
  22  1:56  Command Center  
  22  2:05  SCV  
  22  2:08  Marine x2  
  24  2:09  Factory  
  24  2:10  Marine  
  26  2:16  Supply Depot  
  26  2:17  SCV  
  26  2:19  SCV  
  28  2:26  Marine x2  
  28  2:29  SCV  
  31  2:31  SCV  
  32  2:38  Supply Depot  
  32  2:41  SCV  
  32  2:43  SCV  
  36  2:48  Supply Depot  
  37  2:53  SCV  
  35  3:00  Starport x2  
  35  3:03  Starport, Factory Tech Lab  
  35  3:06  SCV  
  35  3:07  SCV  
  35  3:11  SCV  
  35  3:12  Marine x2  
  40  3:27  Marine  
  40  3:32  Siege Tank  
  44  3:39  Armory  
  44  3:43  Fusion Core  
  44  3:46  Refinery  
  44  3:47  Refinery, SCV  
  44  3:48  SCV  
  46  3:49  SCV  
  47  3:59  Starport Tech Lab x3  
  47  4:07  Supply Depot  
  47  4:12  SCV  
  47  4:14  Armory  
  47  4:15  SCV  
  49  4:17  SCV  
  50  4:24  SCV  
  50  4:27  SCV  
  52  4:42  Marine x2  
  52  4:48  Siege Tank  
  52  4:49  Battlecruiser  
  61  4:55  Marine  
  61  4:57  SCV x2  
  64  5:00  Marine  
  65  5:15  Supply Depot  
  65  5:16  Supply Depot  
  65  5:17  Supply Depot x2  
  65  5:24  Battlecruiser  
  52  5:47  Supply Depot x2  
  52  5:48  Supply Depot  
  51  5:52  Battlecruiser  
  51  5:53  SCV x3  
  52  6:05  SCV x3  
  43  6:17  SCV x2  
  42  6:29  SCV x2  
  40  6:41  SCV x2  
  37  6:53  SCV x2  
  35  7:05  SCV x2  
  37  7:17  SCV x2  
  39  7:31  Command Center  
  39  7:34  SCV x2  
Show
View Real Time Build Order
Export as new Build Order

Yarnero Zerg 

Build Orders:  

Get SALT Encoding   

  12  0:55  Drone  
  12  0:56  Drone  
  14  1:30  Overlord  
  14  3:26  Extractor x2, Drone  
  14  3:27  Drone x2  
  15  3:56  Drone x2  
  17  4:22  Drone  
  10  7:10  Drone x2  
  12  7:45  Drone x2  
Tags
 
Add a new tag
Caveats
  • Supply blocks, unpowered buildings, or Contaminate may cause inaccurate times.
  • Supply counts are checked every 10 seconds.